 Dungeon Crawl Stone Soup version 0.32-a0-913-g739538afd8 (webtiles) character file.

Game seed: 3666927283619106195

58 Ruich the Grasshopper (level 4, -2/34 HPs)
             Began as a Gnoll Wanderer on Apr 10, 2024.
             Was a Believer of Kikubaaqudgha.
             Slain by an adder (4 damage)
             ... on level 3 of the Dungeon.
             The game lasted 00:04:05 (1699 turns).

Ruich the Grasshopper (Gnoll Wanderer)              Turns: 1699, Time: 00:04:06

Health: -2/34      AC:  4    Str: 11    XL:     4   Next: 1%
Magic:  8/8        EV: 10    Int:  9    God:    Kikubaaqudgha [**....]
Gold:   93         SH:  0    Dex: 16    Spells: 7/8 levels left

rFire   . . .        p - +0 whip
rCold   . . .        (no shield)
rNeg    . . .        d - +0 leather armour
rPois   .            (no helmet)
rElec   .            b - +0 cloak
rCorr   .            (no gloves)
SInv    .            (no boots)
Will    .....        (no amulet)
Stlth   ++           (no ring)
HPRegen 0.25/turn    (no ring)
MPRegen 0.11/turn

%: no passive effects
@: lethally poisoned (-2 -> -6)
A: fangs 1, strong nose, distributed training
a: Renounce Religion, Unearth Wretches


You were on level 3 of the Dungeon.
You worshipped Kikubaaqudgha.
Kikubaaqudgha was pleased with you.
You visited 1 branch of the dungeon, and saw 3 of its levels.

You collected 93 gold pieces.


Innate Abilities, Weirdness & Mutations

You have very sharp teeth.
Your uncanny sense of smell can sniff out nearby items.
Your experience applies equally to all skills.


   Skills:
 + Level 2.7 Fighting
 + Level 1.0 Short Blades
 + Level 1.0 Long Blades
 + Level 1.0 Axes
 + Level 1.0 Maces & Flails
 + Level 4.6 Polearms
 + Level 1.0 Staves
 + Level 1.0 Ranged Weapons
 + Level 1.0 Throwing
 + Level 1.0 Armour
 + Level 1.0 Dodging
 + Level 2.5 Stealth
 + Level 1.0 Shields
 + Level 1.0 Unarmed Combat
 + Level 2.9 Spellcasting
 + Level 0.8 Conjurations
 + Level 0.8 Hexes
 + Level 0.8 Summonings
 + Level 0.8 Necromancy
 + Level 7.1 Translocations
 + Level 0.8 Fire Magic
 + Level 0.8 Ice Magic
 + Level 0.8 Air Magic
 + Level 0.8 Earth Magic
 + Level 0.8 Alchemy
 + Level 1.1 Invocations
 + Level 2.7 Evocations
 + Level 1.0 Shapeshifting


You had 7 spell levels left.
You knew the following spells:

 Your Spells              Type           Power      Damage    Failure   Level
a - Apportation           Tloc           28%        N/A       2%          1

Your spell library contained the following spells:

 Spells                   Type           Power      Damage    Failure   Level
 Lesser Beckoning         Tloc           28%        N/A       3%          2
 Kiss of Death            Conj/Necr      8%         2d6       28%         1
 Necrotise                Necr           8%         1d4       28%         1
 Sublimation of Blood     Necr           2%         N/A       41%         2
 Vhi's Electric Charge    Tloc/Air       16%        N/A       61%         4
 Vampiric Draining        Necr           2%         2d6       65%         3
 Animate Dead             Necr           2%         N/A       96%         4
 Petrify                  Alch/Erth      2%         N/A       96%         4
 Irradiate                Conj/Alch      1%         3d12      100%        5

Inventory:

Hand Weapons
 p - a +0 whip (weapon)
Missiles
 o - 6 poisoned darts
Armour
 b - a +0 cloak (worn)
 d - a +0 leather armour (worn)
Magical Staves
 q - a staff of air {!a}
Scrolls
 a - a scroll of enchant weapon
 c - a scroll of fear
 e - a scroll of silence {unknown}
 g - a scroll of teleportation {@r2}
 i - 2 scrolls of amnesia
 m - a scroll of fog
Potions
 f - 3 potions of curing {unknown}
 h - a potion of lignification {unknown}
 j - 2 potions of haste {@q3}
 k - a potion of mutation {unknown}
 l - a potion of heal wounds {unknown}
 n - a potion of brilliance {unknown}
 r - a potion of magic {unknown}

Dungeon Overview and Level Annotations

Branches:
Dungeon (3/15) Zot: 16314

Altars:
Kikubaaqudgha
Wu Jian

.#................#######.##
...........##......†##.....#
....#......####...#.##.....#
...........###.............#
............#...##.........#
....##.#.#.##.##......#
#......#).#.###.....#
###.....#.#.. ......#
###..##@#..###......#
......SS##..###.....#
.....##.lg.....####...
..###...##..#..... . ###.
##........ .. ......... ..
.......... ... ...........
... ...###......


You could see 2 adders, a goblin and a frilled lizard.


Message History

You feel sick. The adder bites you but does no damage.
The adder closely misses you.
You closely miss the adder. Your bite misses the adder.
The adder is moderately wounded.
You feel sick. The adder bites you but does no damage.
The adder closely misses you.
You hit the adder.
The adder is severely wounded.
You feel sick. The adder barely misses you. The adder bites you.
* * * LOW HITPOINT WARNING * * *
The adder bites you but does no damage.
You closely miss the adder.
The adder is severely wounded.
You feel sick. The adder bites you.
* * * LOW HITPOINT WARNING * * *
You are lethally poisoned!
The adder poisons you! The adder closely misses you. The adder bites you.
* * * LOW HITPOINT WARNING * * *
You miss the adder.
The adder is severely wounded.
* * * LOW HITPOINT WARNING * * *
You feel sick. The adder bites you.
* * * LOW HITPOINT WARNING * * *
The adder bites you but does no damage.
You closely miss the adder.
The adder is severely wounded.
* * * LOW HITPOINT WARNING * * *
You feel sick. The adder bites you.
You die...
Kikubaaqudgha rasps: You have failed me!
Welcome... death!

Skill      XL: |  1  2  3 |
---------------+----------+-----
Invocations    | 1 |  1.1
Short Blades   | 1 |  1.0
Long Blades    | 1 |  1.0
Axes           | 1 |  1.0
Maces & Flails | 1 |  1.0
Staves         | 1 |  1.0
Ranged Weapons | 1 |  1.0
Throwing       | 1 |  1.0
Armour         | 1 |  1.0
Dodging        | 1 |  1.0
Shields        | 1 |  1.0
Unarmed Combat | 1 |  1.0
Shapeshifting  | 1 |  1.0
Fighting       | |  2.7
Polearms       | |  4.6
Stealth        | |  2.5
Spellcasting   | |  2.9
Conjurations   | |  0.8
Hexes          | |  0.8
Summonings     | |  0.8
Necromancy     | |  0.8
Translocations | |  7.1
Fire Magic     | |  0.8
Ice Magic      | |  0.8
Air Magic      | |  0.8
Earth Magic    | |  0.8
Alchemy        | |  0.8
Evocations     | |  2.7

Action                     |  1- 3 |  4- 6 || total
---------------------------+-------+-------++-------
  Melee: Spear             |   125 |       ||   125
         Bite              |    15 |       ||    15
         Whip              |    32 |    10 ||    42
    Use: Scroll            |     7 |       ||     7
   Stab: Sleeping          |     6 |       ||     6
         Distracted        |     1 |       ||     1
 Armour: Leather armour    |    83 |    15 ||    98
  Dodge: Dodged            |    65 |    10 ||    75

Levels and vault maps discovered:
D:1:      psy_arrival_basics, layout_basic
D:2:      layout_rooms, basic_altar, chequers_ecumenical_altar_lobes,
          minmay_misc_feat_four_crosses
D:3:      layout_rooms

Notes
Turn   | Place    | Note
-------+----------+-------------------------------------------
     0 | D:1      | Ruich the Gnoll Wanderer began the quest for the Orb.
     0 | D:1      | Ruich set off with the following items: a +0 spear, a +0
                  | cloak, a scroll of fear, a +0 leather armour; and the
                  | following spell memorised: Apportation; and the following
                  | spells available to memorise: Lesser Beckoning, Vhi's
                  | Electric Charge.
     0 | D:1      | Reached XP level 1. HP: 17/17 MP: 4/4
   124 | D:1      | Reached XP level 2. HP: 22/23 MP: 5/5
   655 | D:2      | Found a faded altar of an unknown god.
   690 | D:2      | Prayed at the altar of an unknown god.
   690 | D:2      | Became a worshipper of Kikubaaqudgha
   690 | D:2      | Reached * piety under Kikubaaqudgha
   690 | D:2      | Received a gift from Kikubaaqudgha
   724 | D:2      | Found an ornate altar of the Wu Jian Council.
   792 | D:2      | Reached XP level 3. HP: 24/28 MP: 7/7
   990 | D:2      | Reached skill level 1 in Invocations
  1398 | D:3      | Reached skill level 1 in Short Blades
  1398 | D:3      | Reached skill level 1 in Long Blades
  1398 | D:3      | Reached skill level 1 in Axes
  1398 | D:3      | Reached skill level 1 in Maces & Flails
  1398 | D:3      | Reached skill level 1 in Staves
  1398 | D:3      | Reached skill level 1 in Ranged Weapons
  1398 | D:3      | Reached skill level 1 in Throwing
  1398 | D:3      | Reached skill level 1 in Armour
  1398 | D:3      | Reached skill level 1 in Dodging
  1398 | D:3      | Reached skill level 1 in Shields
  1398 | D:3      | Reached skill level 1 in Unarmed Combat
  1652 | D:3      | Reached ** piety under Kikubaaqudgha
  1655 | D:3      | Reached skill level 1 in Shapeshifting
  1655 | D:3      | Reached XP level 4. HP: 28/34 MP: 8/8
  1698 | D:3      | HP: 3/34 [adder (1)]
  1699 | D:3      | Slain by an adder

Vanquished Creatures
  2 dart slugs (D:3)
  A ribbon worm (D:2)
  2 bats
  2 endoplasms
  3 giant cockroaches
  6 hobgoblins
  3 jackals (D:2)
  7 quokkas
  2 frilled lizards
  5 goblins
  5 kobolds
  7 rats
45 creatures vanquished.

Table legend: (Time is in decaauts)
 A = Elapsed time spent in this place.
 B = Non-inter-level travel time spent in this place.
 C = Inter-level travel time spent in this place.
 D = Time resting spent in this place.
 E = Time spent auto-exploring this place.
 F = Levels seen in this place.
 G = Mean time per level.
                   A        B        C        D        E       F      G
               +--------+--------+--------+--------+--------+-----+--------+
         Total |   1684 |   1628 |     56 |    208 |    995 |   3 |  561.3 |
       Dungeon |   1684 |   1628 |     56 |    208 |    995 |   3 |  561.3 |
               +--------+--------+--------+--------+--------+-----+--------+

Top non-repeatable levels by time:
     D:2: 766 daAuts
     D:1: 593 daAuts
     D:3: 324 daAuts

Table legend:
 A = Non-vault XP
 B = Vault XP
 C = Vault XP percentage of total XP
 D = Non-vault monster count
 E = Vault monster count
 F = Vault count percentage of total count
                 A         B        C        D         E       F
            +---------+---------+-------+---------+---------+-------
      Total |      83 |       0 |   0.0 |      45 |       0 |   0.0
            +---------+---------+-------+---------+---------+-------
        D:1 |      27 |       0 |   0.0 |      17 |       0 |   0.0
        D:2 |      31 |       0 |   0.0 |      16 |       0 |   0.0
        D:3 |      25 |       0 |   0.0 |      12 |       0 |   0.0
            +---------+---------+-------+---------+---------+-------
